 Dungeon Crawl Stone Soup version 0.29.1-12-g30fa7ad0bf (webtiles) character file.

Game seed: 8310057522159643482

80 mopl the Chopper (level 4, -2/36 HPs)
             Began as a Barachi Monk on Dec 16, 2022.
             Killed by divine providence
             ... invoked by an orc priest
              (10 damage)
             ... on level 2 of the Dungeon.
             The game lasted 00:01:51 (1866 turns).

mopl the Chopper (Barachi Monk)                     Turns: 1866, Time: 00:01:52

Health: -2/36      AC:  8    Str: 14    XL:     4   Next: 39%
Magic:  4/4        EV:  6    Int: 11    God:
Gold:   63         SH:  0    Dex: 14    Spells: 3/3 levels left

rFire   . . .      SeeInvis .   a - +0 hand axe
rCold   . . .      Faith    .   (no shield)
rNeg    . . .      Spirit   .   k - +0 chain mail
rPois   .          Reflect  .   (no helmet)
rElec   .          Harm     .   (no cloak)
rCorr   .          Rampage  .   (no gloves)
Will    .....                   (no boots)
Stlth   ..........              (no amulet)
HPRegen 0.12/turn               (no ring)
MPRegen 0.09/turn               (no ring)

@: slow
A: amphibious, slowness 1, strong legs 1, +LOS
a: Hop


You were on level 2 of the Dungeon.
You visited 1 branch of the dungeon, and saw 2 of its levels.

You collected 63 gold pieces.

Inventory:

Hand Weapons
 a - a +0 hand axe (weapon)
Missiles
 h - 5 javelins
Armour
 k - a +0 chain mail (worn)
Jewellery
 g - a ring of wizardry
Scrolls
 d - a scroll of enchant weapon {unknown}
 f - a scroll of teleportation {unknown}
 i - a scroll of summoning {unknown}
Potions
 b - a potion of curing {unknown}
 c - a potion of ambrosia
 e - a potion of flight {unknown}
 j - a potion of heal wounds {unknown}


   Skills:
 - Level 3.6 Fighting
 + Level 5.6 Axes
 - Level 3.2 Dodging
 - Level 1.7 Stealth


You had 3 spell levels left.
You didn't know any spells.
Your spell library contained the following spells:

 Spells                   Type           Power      Damage    Failure   Level
 Tukima's Dance           Hex            0%         N/A       100%        3
 Passage of Golubria      Tloc           0%         N/A       100%        4
 Yara's Violent Unravell  Hex/Tmut       0%         3d3       100%        5


Dungeon Overview and Level Annotations

Branches:
Dungeon (2/15)

Altars:


Innate Abilities, Weirdness & Mutations

You are amphibious.
You cover ground slowly.
You can hop short distances.
You have an extended range of vision and can be seen from far away.


Message History

You closely miss the orc priest. You punch the orc priest.
The orc priest is moderately wounded.
The orc priest hits you with a +0 hand axe.
You closely miss the orc priest.
The orc priest is moderately wounded.
The orc priest closely misses you.
You barely miss the orc priest.
The orc priest is lightly wounded.
The orc priest hits you with a +0 hand axe.
You hit the orc priest.
The orc priest is moderately wounded.
The orc priest hits you but does no damage.
You completely miss the orc priest.
The orc priest is moderately wounded.
The orc priest calls down the wrath of Beogh upon you.
Pain shoots through your body!
You hit the orc priest.
The orc priest is severely wounded.
The orc priest hits you with a +0 hand axe!
You are too injured to fight recklessly!
You are too injured to fight recklessly!
You hit the orc priest.
The orc priest is severely wounded.
The orc priest hits you with a +0 hand axe.
* * * LOW HITPOINT WARNING * * *
You barely miss the orc priest.
The orc priest is severely wounded.
The orc priest looks encouraged for a moment.
You closely miss the orc priest.
The orc priest is severely wounded.
The orc priest miscasts a cantrip.
You closely miss the orc priest.
The orc priest is severely wounded.
The orc priest hits you with a +0 hand axe.
* * * LOW HITPOINT WARNING * * *
You hit the orc priest.
The orc priest is almost dead.
The orc priest mumbles some strange prayers to Beogh against you.
Beogh smites you!
You die...

#o# #.#.# #.# #.# #.#.#
#.# #o# #.#.#####.# #o#
#.#....##.# #.#
####.#.#.....#
#######o#######
#.....<......#
#........o..oo#
#.##.#.#..##.#
#.#####.#####o#
#†##.#.#...... #?# #@#
#.##.#.#.###.#
#.#####.###.##.........#
#...........####.#.###.#
#######.###.............
#.# #[#####...##.# #.#
#............# #.#
######........ #.#
#.....### ..# ##...##


You could see an orc priest and 2 orcs.

Vanquished Creatures
  3 adders (D:2)
  3 worms (D:2)
  An orc (D:2)
  4 bats
  6 endoplasms
  A giant cockroach (D:1)
  A hobgoblin (D:2)
  2 jackals (D:1)
  3 ball pythons
  4 frilled lizards
  5 goblins
  6 kobolds
  4 rats
43 creatures vanquished.

Notes
Turn   | Place    | Note
-------+----------+-------------------------------------------
     0 | D:1      | mopl the Barachi Monk began the quest for the Orb.
     0 | D:1      | Reached XP level 1. HP: 18/18 MP: 1/1
    78 | D:1      | Reached XP level 2. HP: 13/24 MP: 2/2
    80 | D:1      | Reached skill level 4 in Axes
   820 | D:2      | Reached XP level 3. HP: 22/29 MP: 3/3
  1284 | D:2      | Reached skill level 5 in Axes
  1434 | D:2      | Reached XP level 4. HP: 19/36 MP: 4/4
  1866 | D:2      | Killed from afar by an orc priest

Illustrated notes

Levels and vault maps discovered:
D:1:      lightli_arrival_lavapool, layout_loops_ring, hex_large,
          feat_on_display
D:2:      minmay_evil_eye, layout_loops_ring, minivault_19,
          chequers_serial_rivers_room_a

Skill      XL: |  1  2  3 |
---------------+----------+-----
Axes           | 4 5 |  5.6
Fighting       | |  3.6
Dodging        | |  3.2
Stealth        | |  1.7

Action                   |  1- 3 |  4- 6 || total
-------------------------+-------+-------++-------
Melee: Hand axe          |   118 |    49 ||   167
       Punch             |     3 |     1 ||     4
 Stab: Sleeping          |     2 |       ||     2
Armor: Robe              |     8 |       ||     8
       Chain mail        |    44 |    29 ||    73
Dodge: Dodged            |    58 |    16 ||    74
